 Dungeon Crawl Stone Soup version 0.22.0-38-g04b72b8 (console) character file.

9736 bli the Fighter (level 11, -3/89 HPs)
             Began as a Demonspawn Monk on Aug 25, 2018.
             Was a Priest of Qazlal.
             Slain by an eight-headed hydra (9 damage)
             ... on level 11 of the Dungeon on Aug 26, 2018.
             The game lasted 00:55:24 (8513 turns).

bli the Fighter (Demonspawn Monk)                   Turns: 8513, Time: 00:55:24

Health: -3/89      AC:  9    Str: 11    XL:     11   Next: 27%
Magic:  15/15      EV: 17    Int:  6    God:    Qazlal [***...]
Gold:   335        SH:  4    Dex: 18    Spells: 5/10 levels left

rFire    . . .     SeeInvis .   b - +5 dagger {drain, +Blink rPois MR+++ Int-5}
rCold    . . .     Gourm    .   (no shield)
rNeg     . . .     Faith    .   S - +0 troll leather armour
rPois    +         Spirit   .   J - +0 helmet
rElec    .         Reflect  .   C - +0 cloak
rCorr    .         Harm     .   r - +1 pair of gloves
MR       ++++.                  (boots unavailable)
Stlth    ++........             (no amulet)
HPRegen  0.64/turn              f - ring of protection from magic
MPRegen  0.14/turn              n - +4 ring of slaying

@: barbed spikes
A: talons 3, powered by death 3, weak 1
a: Upheaval, Elemental Force, Renounce Religion, Evoke Blink


You were on level 11 of the Dungeon.
You worshipped Qazlal.
Qazlal was most pleased with you.
You were not hungry.

You visited 1 branch of the dungeon, and saw 11 of its levels.

You collected 617 gold pieces.
You spent 282 gold pieces at shops.

Inventory:

Hand Weapons
 a - a cursed -3 quarterstaff
 b - the +5 dagger of Xecudghu (weapon) {drain, +Blink rPois MR+++ Int-5}
   (You found it on level 5 of the Dungeon)

   A truly terrible weapon, it drains the life of those it strikes.
   It affects your intelligence (-5).
   It protects you from poison.
   It affects your resistance to hostile enchantments.
   It lets you blink.
 s - a +5 flail of protection
 z - a +2 dagger of flaming
 A - the +4 dagger of Daarasuz {freeze, *Contam rF+++ MR- Int+5}
   (You found it on level 5 of the Dungeon)

   It has been specially enchanted to freeze those struck by it, causing extra
   injury to most foes and up to half again as much damage against particularly
   susceptible opponents.
   It can also slow down cold-blooded creatures.
   It affects your intelligence (+5).
   It renders you almost immune to fire.
   It affects your resistance to hostile enchantments.
   It causes magical contamination when unequipped.
 E - a cursed -3 falchion
 G - a +2 dagger of venom
 I - a +4 quarterstaff of chaos
Missiles
 g - 4 tomahawks (quivered)
Armour
 i - a +3 ring mail
 q - a +0 leather armour of positive energy
 r - a +1 pair of gloves (worn)
 C - a +0 cloak (worn)
 J - a +0 helmet (worn)
 N - a +2 robe of magic resistance
 Q - a +2 leather armour of poison resistance
 S - a +0 troll leather armour (worn)
Magical Staves
 u - an uncursed staff of earth
Jewellery
 f - a ring of protection from magic (left hand)
 n - a +4 ring of slaying (right hand)
 o - a +2 ring of dexterity
 x - an uncursed ring of magical power {unknown}
 L - an uncursed ring of stealth
Wands
 K - a wand of digging (15)
 M - a wand of paralysis (28)
 V - a wand of random effects (6)
 X - a wand of disintegration (10)
 Y - a wand of acid (12)
Scrolls
 e - 2 scrolls of identify
 j - 4 scrolls of teleportation {unknown}
 l - a scroll of enchant weapon {unknown}
 m - 2 scrolls of immolation {unknown}
 p - 2 scrolls of fear {unknown}
 t - a scroll of enchant armour
 y - 6 scrolls of remove curse
 F - a scroll of blinking {unknown}
 O - a scroll of amnesia {unknown}
 P - a scroll of noise {unknown}
 T - a scroll of fog {unknown}
Potions
 c - 4 potions of flight {unknown}
 d - 4 potions of curing {unknown}
 h - 2 potions of cancellation {unknown}
 k - 2 potions of berserk rage {unknown}
 v - 3 potions of haste {unknown}
 w - a potion of ambrosia
 D - a potion of invisibility {unknown}
 H - a potion of degeneration {unknown}
 R - a potion of mutation {unknown}
 U - 2 potions of lignification {unknown}
Comestibles
 B - 19 rations


   Skills:
 * Level 9.6 Fighting
 + Level 7.4 Short Blades
 + Level 0.3 Throwing
 + Level 5.6 Armour
 + Level 7.6 Dodging
 - Level 2.1 Stealth
 + Level 7.0 Unarmed Combat
 + Level 5.4 Invocations


You had 5 spell levels left.
You knew the following spells:

 Your Spells              Type           Power        Failure   Level  Hunger
a - Blink                 Tloc           N/A          67%         2    ###....
b - Mephitic Cloud        Conj/Pois/Air  #.......     88%         3    ####...

Your spell library contained the following spells:

 Spells                   Type           Power        Failure   Level  Hunger
 Magic Dart               Conj           #...         54%         1    ##.....
 Call Imp                 Summ           #.......     67%         2    ###....
 Slow                     Hex            #.......     67%         2    ###....
 Conjure Flame            Conj/Fire      #.......     88%         3    ####...
 Cause Fear               Hex            #.........   99%         4    #####..
 Silence                  Hex/Air        #.........   100%        5    ######.
 Yara's Violent Unravell  Hex/Tmut       #.........   100%        5    ######.
 Deflect Missiles         Chrm/Air       #.........   100%        6    #######
 Discord                  Hex            #.........   100%        8    #######


Dungeon Overview and Level Annotations

Branches:
Dungeon (11/15)            Temple (0/1) D:4            Lair (0/6) D:11
    Orc (0/2) D:11

Altars:
Nemelex Xobeh
Qazlal
Wu Jian

Shops:
D:7 **%   D:9 :

Portals:
Labyrinth: D:11


Innate Abilities, Weirdness & Mutations

You have claws for feet.
You regenerate a lot of health from kills.
You are weak. (Str -2)


Message History

The manticore is almost dead.
Something hits you but does no damage. x2
The barbed spikes dig painfully into your body as you move.
* * * LOW HITPOINT WARNING * * *
Something hits you.
* * * LOW HITPOINT WARNING * * *
The barbed spikes dig painfully into your body as you move.
* * * LOW HITPOINT WARNING * * *
You hear a screech!
Something hits you but does no damage.
The manticore flicks its tail.
The volley of spikes hits something.
Reactivating autopickup.
You feel a bit more experienced.
The barbed spikes dig painfully into your body as you move.
* * * LOW HITPOINT WARNING * * *
The eight-headed hydra bites you.
* * * LOW HITPOINT WARNING * * *
The eight-headed hydra bites you!
You die...

####### #.J.'H#
#...#D#
#.ul#@#########
#..C#..........
#...#..#######.
....#..#.....#
.....#..'.....#
......#..#.....#
########..#.....#
#.........#.....#
#.........#.....#
#.........#.....#
#.........####+##


You could see an eight-headed hydra and a manticore.

Vanquished Creatures
  An unseen horror (D:11)
  An elephant (D:11)
  Joseph (D:9)
  A gargoyle (D:11)
  2 trolls
  Prince Ribbit (D:6)
  2 hippogriffs
  A basilisk (D:11)
  A wyvern (D:8)
  12 yaks (D:10)
  Edmund (D:5)
  A water moccasin (D:10)
  The ghost of EnegeticOcto the Sneak, an amateur SpEn (D:5)
  3 orc warriors
  A black bear (D:6)
  A sky beast (D:5)
  A phantom (D:8)
  3 ice beasts
  8 ogres
  4 centaurs
  A necrophage (D:11)
  A crocodile (D:11)
  A big kobold (D:7)
  3 bullfrogs
  A gnoll sergeant (D:9)
  2 scorpions
  7 killer bees
  5 wights (D:9)
  4 howler monkeys
  2 bullfrog zombies
  A quasit (D:7)
  2 bullfrog skeletons
  2 jellies
  A hound (D:4)
  11 orc wizards
  Crazy Yiuf (D:6)
  3 orc priests
  Jessica (D:3)
  Natasha (twice) (D:2)
  An iguana (D:5)
  7 worker ants
  A hound zombie (D:6)
  2 hound skeletons
  A howler monkey zombie (D:5)
  2 worker ant zombies
  12 adders
  11 gnolls
  2 shadow imps (D:6)
  2 dart slugs
  2 worms
  7 leopard geckos
  25 orcs
  9 giant cockroaches
  4 goblins
  7 hobgoblins
  13 jackals
  4 quokkas
  2 ball pythons
  7 bats
  6 frilled lizards
  8 kobolds
  A leopard gecko skeleton (D:5)
  A leopard gecko zombie (D:3)
  A quokka zombie (D:5)
  6 rats
242 creatures vanquished.

Vanquished Creatures (collateral kills)
  Urug (D:11)
1 creature vanquished.

Vanquished Creatures (others)
  An unseen horror (D:11)
1 creature vanquished.

Grand Total: 244 creatures vanquished

Notes
Turn   | Place    | Note
-------+----------+-------------------------------------------
     0 | D:1      | bli the Demonspawn Monk began the quest for the Orb.
     0 | D:1      | Reached XP level 1. HP: 18/18 MP: 1/1
   309 | D:1      | Gained mutation: You regenerate a little health from kills. [demonic ancestry]
   309 | D:1      | Reached XP level 2. HP: 24/24 MP: 2/2
   541 | D:1      | Reached XP level 3. HP: 16/29 MP: 3/3
  1133 | D:2      | Noticed Natasha
  1387 | D:2      | Found a stormy altar of Qazlal.
  1393 | D:2      | Became a worshipper of Qazlal Stormbringer
  1393 | D:2      | Reached * piety under Qazlal
  1393 | D:2      | Reached ** piety under Qazlal
  1644 | D:2      | Killed Natasha
  1644 | D:2      | Gained mutation: You regenerate health from kills. [demonic ancestry]
  1644 | D:2      | Reached XP level 4. HP: 18/37 MP: 4/4
  1693 | D:2      | Noticed Natasha
  1704 | D:2      | Killed Natasha
  1937 | D:3      | Noticed Jessica
  1942 | D:3      | Killed Jessica
  1942 | D:3      | Reached skill level 4 in Fighting
  1942 | D:3      | Gained mutation: You have sharp toenails. [demonic ancestry]
  1942 | D:3      | Reached XP level 5. HP: 37/42 MP: 5/5
  2261 | D:4      | Noticed an ogre
  2265 | D:4      | Killed an ogre
  2265 | D:4      | Reached XP level 6. HP: 45/49 MP: 0/6
  2289 | D:4      | Found a staircase to the Ecumenical Temple.
  3196 | D:5      | Entered Level 5 of the Dungeon
  3199 | D:5      | Noticed Edmund
  3214 | D:5      | Killed Edmund
  3214 | D:5      | Reached skill level 1 in Armour
  3229 | D:5      | Reached skill level 5 in Fighting
  3229 | D:5      | Reached skill level 5 in Unarmed Combat
  3229 | D:5      | Gained mutation: You have razor-sharp toenails. [demonic ancestry]
  3229 | D:5      | Reached XP level 7. HP: 35/56 MP: 7/7
  3354 | D:5      | Got a polished dagger
  3369 | D:5      | Got a twisted dagger
  3423 | D:5      | Reached skill level 1 in Invocations
  3479 | D:5      | Found a large runed door.
  3479 | D:5      | Found a large runed door.
  3480 | D:5      | Noticed EnegeticOcto's ghost (amateur SpEn)
  3663 | D:5      | Identified the +4 dagger of Daarasuz {freeze, *Contam rF+++ MR- Int+5} (You found it on level 5 of the Dungeon)
  3664 | D:5      | Identified the +5 dagger of Xecudghu {drain, +Blink rPois MR+++ Int-5} (You found it on level 5 of the Dungeon)
  3689 | D:5      | Gained mutation: You are weak. (Str -2) [mutagenic glow]
  3829 | D:6      | Gained mutation: You have claws for feet. [demonic ancestry]
  3829 | D:6      | Reached XP level 8. HP: 29/63 MP: 0/8
  3909 | D:6      | Noticed Prince Ribbit
  3918 | D:6      | Killed Prince Ribbit
  3976 | D:6      | Reached skill level 6 in Fighting
  4125 | D:6      | Reached skill level 1 in Short Blades
  4367 | D:6      | Found an ornate altar of the Wu Jian Council.
  4440 | D:6      | Found a runed door.
  4444 | D:6      | Noticed Crazy Yiuf
  4449 | D:6      | Killed Crazy Yiuf
  4562 | D:6      | Found a sparkling altar of Nemelex Xobeh.
  4659 | D:7      | Found Lyffyuno's General Store.
  4661 | D:7      | Bought a scroll of remove curse for 42 gold pieces
  4936 | D:7      | Reached XP level 9. HP: 71/71 MP: 11/11
  5108 | D:7      | Found Eqie's Assorted Antiques.
  5204 | D:7      | Found Vomoomi's Food Emporium.
  5318 | D:8      | Reached skill level 5 in Dodging
  5697 | D:8      | Reached skill level 7 in Fighting
  5922 | D:9      | Found Hokuelyr's Book Shop.
  6142 | D:5      | Killed EnegeticOcto's ghost
  6301 | D:9      | Bought a book of Minor Magic for 240 gold pieces
  6304 | D:9      | Learned a level 2 spell: Blink
  6308 | D:9      | Learned a level 3 spell: Mephitic Cloud
  6355 | D:9      | Noticed a troll
  6385 | D:9      | Killed a troll
  6446 | D:9      | Reached XP level 10. HP: 77/80 MP: 13/13
  6476 | D:9      | Reached skill level 5 in Armour
  6558 | D:9      | Noticed Joseph
  6813 | D:9      | Reached skill level 8 in Fighting
  6889 | D:9      | Killed Joseph
  6889 | D:9      | Reached skill level 5 in Short Blades
  7205 | D:10     | Entered Level 10 of the Dungeon
  7496 | D:10     | Reached *** piety under Qazlal
  7621 | D:10     | Reached skill level 5 in Invocations
  7749 | D:10     | Reached skill level 9 in Fighting
  8042 | D:11     | Found a labyrinth entrance.
  8072 | D:11     | Found a staircase to the Lair.
  8074 | D:11     | Noticed a gargoyle
  8076 | D:11     | Noticed an elephant
  8083 | D:11     | Killed a gargoyle
  8083 | D:11     | Gained mutation: You regenerate a lot of health from kills. [demonic ancestry]
  8083 | D:11     | Reached XP level 11. HP: 83/89 MP: 15/15
  8112 | D:11     | Noticed Urug
  8119 | D:11     | Killed Urug
  8182 | D:11     | Found a staircase to the Orcish Mines.
  8203 | D:11     | Killed an unseen horror
  8497 | D:11     | Noticed an eight-headed hydra
  8497 | D:11     | Noticed a cyan ugly thing
  8512 | D:11     | Killed an unseen horror
  8513 | D:11     | Slain by an eight-headed hydra

Skill      XL: |  1  2  3  4  5  6  7  8  9 10 11 |
---------------+----------------------------------+-----
Unarmed Combat | 3 4 5 6 7 |  7.0
Stealth        | 2 |  2.1
Dodging        | 3 4 5 7 |  7.6
Fighting       | 4 5 6 7 9 |  9.6
Armour         | 1 3 4 5 |  5.6
Invocations    | 1 3 4 5 |  5.4
Short Blades   | 2 4 6 7 |  7.4
Throwing       | |  0.3

Action                   |  1- 3 |  4- 6 |  7- 9 | 10-12 || total
-------------------------+-------+-------+-------+-------++-------
Melee: Unarmed           |   185 |    87 |    40 |       ||   312
       Kick              |       |    21 |    80 |    92 ||   193
       Punch             |       |     1 |    11 |     8 ||    20
       Dagger            |       |       |   237 |   250 ||   487
Throw: Tomahawk          |       |     2 |     1 |     2 ||     5
Invok: Upheaval          |       |     2 |    12 |     3 ||    17
       Elemental Force   |       |       |       |     1 ||     1
  Use: Scroll            |       |       |     1 |     3 ||     4
 Stab: Sleeping          |     7 |       |       |       ||     7
  Eat: Chunk             |     3 |     3 |     9 |     6 ||    21
       Ration            |       |       |     1 |       ||     1
Armor: Robe              |    34 |     3 |       |       ||    37
       Leather armour    |       |     7 |    49 |    13 ||    69
       Troll leather arm |       |       |       |    31 ||    31
Dodge: Dodged            |   105 |    39 |   161 |   150 ||   455
Block: Other             |       |     7 |    23 |    37 ||    67
